 Dungeon Crawl Stone Soup version bcrawl-1.28.1b (webtiles) character file.

Game seed: 11479066468960099485

320279 Adamkad1 the Ruffian (level 9, -2/79 HPs)
             Began as a Red Draconian Transmuter on Dec 12, 2020.
             Slain by an orc warrior
             ... wielding a +0 spear
              (6 damage)
             ... in a bailey.
             The game lasted 00:12:59 (6673 turns).

Adamkad1 the Ruffian (Red Draconian Transmuter)     Turns: 6673, Time: 00:12:59

Health: -2/79      AC:  2    Str: 16    XL:     9   Next: 93%
Magic:  15/16      EV: 26    Int: 15    God:
Gold:   494        SH:  0    Dex: 20    Spells: 5/17 levels left

rFire    . . .     SeeInvis .     - Fangs (venom) (16.3)
rCold    . . .     Gourm    .   (shield currently unavailable)
rNeg     . . .     Faith    .   (armour unavailable)
rPois    x         Spirit   .   (helmet currently unavailable)
rElec    .         Reflect  .   (cloak currently unavailable)
rCorr    .         Harm     .   (gloves currently unavailable)
MR       .....                  (boots currently unavailable)
Stlth    ..........             (no amulet)
HPRegen  0.23/turn              q - +2 ring of intelligence
MPRegen  0.15/turn              F - ring "Koeq Typ" {Dex+3 Stlth--}

@: spider-form (expiring)
A: tiny, (breathe fire), unfitting armour, AC +7
a: End Transformation


You were in a bailey.
You were not hungry.
You were a venomous arachnid creature.
You visited 2 branches of the dungeon, and saw 8 of its levels.
You also visited: Bailey.

You collected 494 gold pieces.

Inventory:

Hand Weapons
 G - the cursed +1 spear of Ykiaj {pierce, *Drain rN+ Dex+4, unknown}
   (You found it on level 7 of the Dungeon)

   It will always inflict at least some extra damage.
   This minimum extra damage increases with your current reserve of magical
   power.
   It affects your dexterity (+4).
   It protects you from negative energy.
   It causes draining when unequipped.
   It has a curse placed upon it.
Missiles
 a - 817 arrows
Armour
 c - a +0 helmet
 p - a +0 pair of boots (melded)
 x - a +0 buckler
Jewellery
 q - a +2 ring of intelligence (left front leg)
 F - the ring "Koeq Typ" (right front leg) {Dex+3 Stlth--}
   (You found it on level 6 of the Dungeon)

   [ring of attention]

   It affects your dexterity (+3).
   It makes you much less stealthy.
Wands
 i - a wand of acid (5)
 s - a wand of disintegration (16)
 y - a wand of iceblast (6)
 D - a wand of digging (11)
Scrolls
 d - 2 scrolls of enchant weapon {unknown}
 f - 2 scrolls of blinking {unknown}
 g - a scroll of fear {unknown}
 h - 9 scrolls of identify
 k - 2 scrolls of amnesia {unknown}
 l - 2 scrolls of teleportation {unknown}
 m - 4 scrolls of remove curse {unknown}
 t - 2 scrolls of enchant armour {unknown}
 u - 2 scrolls of magic mapping {unknown}
 w - 2 scrolls of immolation {unknown}
Potions
 b - 2 potions of agility {unknown}
 j - 3 potions of mutation {unknown}
 n - a potion of flight {unknown}
 o - 7 potions of heal wounds {unknown}
 r - a potion of ambrosia {unknown}
 v - 2 potions of haste {unknown}
 z - a potion of resistance {unknown}
 A - a potion of berserk rage {unknown}
 B - a potion of curing {unknown}
 C - a potion of brilliance {unknown}
 E - 2 potions of lignification
Comestibles
 e - 11 rations {!d}


   Skills:
 * Level 7.2 Fighting
 * Level 6.4 Dodging
 * Level 7.4 Unarmed Combat
 + Level 4.8 Spellcasting
 * Level 7.0 Transmutations


You had 5 spell levels left.
You knew the following spells:

 Your Spells              Type           Power        Failure   Level  Hunger
a - Beastly Appendage     Tmut           ###...       4%          1    None
b - Sticks to Snakes      Tmut           ###.....     6%          2    None
c - Passwall              Tmut/Erth      ##......     17%         2    None
d - Spider Form           Tmut/Pois      ##.          28%         3    ###....
e - Ice Form              Ice/Tmut       ##......     58%         4    #####..

Your spell library contained the following spells:

 Spells                   Type           Power        Failure   Level  Hunger
 Blade Hands              Tmut           ###.......   47%         5    ######.
 Petrify                  Tmut/Erth      ##........   58%         4    #####..
 Yara's Violent Unravell  Hex/Tmut       ##........   58%         4    #####..
 Confuse                  Hex            #.......     67%         3    ###....
 Dazzling Orbs            Conj/Hex       #......      67%         3    ###....
 Metabolic Englaciation   Hex/Ice        #.........   100%        5    ######.
 Mana Rupture             Conj/Hex       #.........   100%        7    #######


Dungeon Overview and Level Annotations

Branches:
Dungeon (7/12)             Temple (1/1) D:6
   Lair: D:7-9

Altars:
Ashenzari
Cheibriados
Dithmenos
Elyvilon
Fedhas
Gozag
Hepliaklqana
Kikubaaqudgha
Lugonu
Makhleb
Nemelex Xobeh
Okawaru
Ru
Trog
Uskayaw
Vehumet
Wu Jian
Xom
Yredelemnul
Zin
The Shining One

Shops:
D:4 ?


Innate Abilities, Weirdness & Mutations

((You can breathe blasts of fire.))
((Your fiery red scales are hard. (AC +7)))
You cannot fit into any form of body armour.
((Your flesh is heat resistant. (rF+)))
((You are cold-blooded and may be slowed by cold attacks.))


Message History

The orc warrior is moderately wounded.
The orc warrior hits you from afar with a +0 spear!!
* * * LOW HITPOINT WARNING * * *
You bite the orc warrior!
The orc warrior looks more poisoned.
The orc warrior is almost dead.
The orc warrior completely misses you. The orc warrior closely misses you.
You bite the orc warrior!
You kill the orc warrior!
The orc warrior completely misses you.
Your transformation is almost over.
The orc warrior hits you with a +0 spear!
* * * LOW HITPOINT WARNING * * *
Things that are here:
a +0 glaive; a cursed +0 scale mail; an orc corpse You hit the orc warrior.
The orc warrior is almost dead.
You barely miss the orc warrior.
The orc warrior is almost dead.
The orc warrior hits you with a +0 spear.
You die...

### ## ##
##∩###########.##
..##.∩.##.....##..|#
≈..#...#..≈≈≈..#..!#
≈≈.))....≈≈.≈≈.#.o$#
o≈.......≈)∩.≈.'s..#
≈≈.......≈≈.≈≈.#...#
≈..#...#..≈≈≈..#.).#
..##...##.....##..[#
## ##∩###########.##
### ##


You could see an orc warrior.

Vanquished Creatures
  An orc knight (Bailey)
  Prince Ribbit (D:6)
  Grinder (D:4)
  A hungry ghost (D:6)
  Menkaure (D:4)
  Edmund (D:4)
  7 orc warriors
  A phantom (D:3)
  An ogre (D:5)
  2 centaurs (D:6)
  A wolf (D:7)
  A bullfrog (D:6)
  2 gnoll sergeants
  A water moccasin zombie (D:7)
  A water moccasin skeleton (D:5)
  2 scorpions
  2 wights (D:7)
  A crimson imp (D:4)
  5 hounds
  A bullfrog skeleton (D:6)
  5 orc priests
  4 orc wizards
  4 iguanas
  5 worker ants
  A hound zombie (D:5)
  2 hound skeletons (D:4)
  8 gnolls
  9 adders
  An ooze (D:4)
  5 worms
  4 dart slugs
  4 leopard geckos
  20 orcs
  2 giant cockroaches
  4 goblins
  8 hobgoblins
  18 jackals
  5 quokkas
  8 bats
  5 frilled lizards
  9 kobolds
  5 rats
170 creatures vanquished.

Vanquished Creatures (others)
  A hound (D:7)
1 creature vanquished.

Grand Total: 171 creatures vanquished

Notes
Turn   | Place    | Note
-------+----------+-------------------------------------------
     0 | D:1      | Adamkad1 the Draconian Transmuter began the quest for the
                  | Orb.
     0 | D:1      | Reached XP level 1. HP: 16/16 MP: 3/3
   410 | D:1      | Reached XP level 2. HP: 21/23 MP: 3/5
  1160 | D:2      | Found a white marble altar of Elyvilon.
  1169 | D:2      | Reached XP level 3. HP: 26/29 MP: 4/6
  1324 | D:2      | Learned a level 2 spell: Sticks to Snakes
  1327 | D:2      | Learned a level 2 spell: Passwall
  1551 | D:2      | Found a shadowy altar of Dithmenos.
  1551 | D:2      | Found a glowing silver altar of Zin.
  1559 | D:2      | Reached XP level 4. HP: 24/36 MP: 5/7
  1866 | D:3      | Noticed a phantom
  1926 | D:3      | Learned a level 3 spell: Spider Form
  2204 | D:3      | Reached XP level 5. HP: 42/42 MP: 6/8
  2218 | D:3      | Killed a phantom
  2778 | D:4      | Noticed Menkaure
  2786 | D:3      | Reached XP level 6. HP: 50/50 MP: 4/10
  2903 | D:4      | Killed Menkaure
  3111 | D:4      | Your scales start taking on a fiery red colour.
  3111 | D:4      | Reached XP level 7. HP: 54/57 MP: 9/11
  3111 | D:4      | Gained mutation: Your flesh is heat resistant. (rF+) [Red
                  | Draconian growth]
  3133 | D:4      | Noticed Grinder
  3135 | D:4      | Paralysed by Grinder for 4 turns
  3145 | D:4      | Paralysed by Grinder for 4 turns
  3155 | D:4      | Paralysed by Grinder for 4 turns
  3161 | D:4      | Killed Grinder
  3296 | D:4      | Found a shimmering altar of Xom.
  3403 | D:4      | Reached skill level 5 in Unarmed Combat
  3414 | D:4      | Found Beculoli's Magic Scroll Shop.
  3570 | D:4      | Noticed Edmund
  3580 | D:4      | Killed Edmund
  3581 | D:4      | Reached XP level 8. HP: 58/67 MP: 7/13
  3834 | D:5      | Entered Level 5 of the Dungeon
  4089 | D:5      | Reached skill level 5 in Transmutations
  4136 | D:5      | Learned a level 4 spell: Ice Form
  4483 | D:5      | Reached skill level 5 in Fighting
  5053 | D:6      | Reached skill level 5 in Dodging
  5209 | D:6      | Found a staircase to the Ecumenical Temple.
  5210 | D:6      | Noticed Prince Ribbit
  5223 | D:6      | Killed Prince Ribbit
  5224 | D:6      | Reached XP level 9. HP: 19/75 MP: 15/15
  5246 | Temple   | Entered the Ecumenical Temple
  5743 | D:6      | Got a wavering golden ring
  5744 | D:6      | Identified the ring "Koeq Typ" {Dex+3 Stlth--} (You found
                  | it on level 6 of the Dungeon)
  6162 | D:7      | Found a flagged portal.
  6494 | D:7      | Got an ancient spear
  6497 | Bailey   | Entered a bailey
  6497 | Bailey   | Noticed an orc knight
  6502 | Bailey   | Noticed an orc knight
  6616 | Bailey   | Killed an orc knight
  6673 | Bailey   | Slain by an orc warrior

Skill      XL: |  1  2  3  4  5  6  7  8  9 |
---------------+----------------------------+-----
Dodging        | 2 3 4 5 6 |  6.4
Fighting       | 2 3 4 5 7 |  7.2
Transmutations | 3 4 5 7 |  7.0
Unarmed Combat | 4 5 6 7 |  7.4
Spellcasting   | 3 4 |  4.8

Action                   |  1- 3 |  4- 6 |  7- 9 || total
-------------------------+-------+-------+-------++-------
Melee: Unarmed           |   105 |   158 |   351 ||   614
       Kick              |    13 |       |       ||    13
       Tailslap          |     6 |    14 |    14 ||    34
       Headbutt          |     4 |    13 |     9 ||    26
       Punch             |     2 |     1 |     3 ||     6
 Cast: Beastly Appendage |    30 |    14 |    14 ||    58
       Spider Form       |       |     9 |    26 ||    35
 Abil: Breathe Fire      |       |       |     5 ||     5
Evoke: Wand              |       |       |     3 ||     3
  Use: Scroll            |       |     1 |     1 ||     2
       Potion            |       |       |     1 ||     1
  Eat: Chunk             |     5 |     9 |    20 ||    34
       Ration            |       |       |     2 ||     2
Armor: Skin              |    25 |    32 |    66 ||   123
Dodge: Dodged            |    56 |   133 |   354 ||   543
